 Dungeon Crawl Stone Soup version 0.28-a0-563-gf77a47075d (webtiles) character file.

Game seed: 4552374376405721664

0 Gargoyl the Skirmisher (level 1, -3/23 HPs)
             Began as a Gnoll Abyssal Knight on Sept 30, 2021.
             Was a Follower of Lugonu.
             Slain by a small abomination (4 damage)
             ... on level 1 of the Abyss.
             The game lasted 00:00:16 (125 turns).

Gargoyl the Skirmisher (Gnoll Abyssal Knight)        Turns: 125, Time: 00:00:17

Health: -3/23      AC:  3    Str: 12    XL:     1   Next: 0%
Magic:  3/3        EV: 12    Int:  9    God:    Lugonu [*.....]
Gold:   0          SH:  0    Dex: 12    Spells: 0/0 levels left

rFire   . . .      SeeInvis .   a - +1 hand axe
rCold   . . .      Faith    .   (no shield)
rNeg    . . .      Spirit   .   b - +0 leather armour
rPois   .          Reflect  .   (no helmet)
rElec   .          Harm     .   (no cloak)
rCorr   .          Rampage  .   (no gloves)
Will    .....                   (no boots)
Stlth   +.........              (no amulet)
HPRegen 0.07/turn               (no ring)
MPRegen 0.08/turn               (no ring)

@: unable to read
A: fangs 1, strong nose, distributed training, [subdued magic 3], [inability to
read while threatened]
a: Renounce Religion, Depart the Abyss


You were on level 1 of the Abyss.
You worshipped Lugonu.
Lugonu was aware of your devotion.
You visited 0 branches of the dungeon, and saw 0 of its levels.
You visited the Abyss 1 time.

Inventory:

Hand Weapons
 a - a +1 hand axe (weapon)
Armour
 b - a +0 leather armour (worn)


   Skills:
 + Level 6.4 Fighting
 + Level 0.0 Short Blades
 + Level 0.0 Long Blades
 + Level 4.4 Axes
 + Level 0.0 Maces & Flails
 + Level 0.0 Polearms
 + Level 0.0 Staves
 + Level 0.0 Slings
 + Level 0.0 Bows
 + Level 0.0 Crossbows
 + Level 0.0 Throwing
 + Level 4.4 Armour
 + Level 2.3 Dodging
 + Level 0.0 Stealth
 + Level 0.0 Shields
 + Level 0.0 Unarmed Combat
 + Level 0.0 Spellcasting
 + Level 0.0 Conjurations
 + Level 0.0 Hexes
 + Level 0.0 Summonings
 + Level 0.0 Necromancy
 + Level 0.0 Translocations
 + Level 0.0 Transmutations
 + Level 0.0 Fire Magic
 + Level 0.0 Ice Magic
 + Level 0.0 Air Magic
 + Level 0.0 Earth Magic
 + Level 0.0 Poison Magic
 + Level 4.4 Invocations
 + Level 0.0 Evocations


You couldn't memorise any spells.
You didn't know any spells.
Your spell library was empty.

Dungeon Overview and Level Annotations

Branches:
Dungeon (0/15)

Altars:


Innate Abilities, Weirdness & Mutations

You have very sharp teeth.
Your uncanny sense of smell can sniff out nearby items.
Your experience applies equally to all skills.
[Your spells are much easier to cast, but much less powerful.]
[You sometimes lose the ability to read scrolls when taking damage.]


Message History

Welcome, Gargoyl the Gnoll Abyssal Knight.
The bosom of this dungeon contains the fabulous artefact, the Orb of Zot.
Lugonu says: Depart the Abyss and spread corruption, my servant! (use the ability menu to exit the Abyss) Press ? for a list of commands and other information.
Found a corrupted altar of Lugonu.
No target in view!
Unknown command.
Press < or > to pray at altars.
Found a roughly hewn altar of Beogh.
Found a gateway leading out of the Abyss.
There is a gateway leading out of the Abyss here.
Found 21 stones.
Found a short sword.
A small abomination comes into view.
A lurking horror comes into view.
You barely miss the lurking horror.
Your body is wracked with pain!
Unknown command.
A wretched star comes into view.
The wretched star pulses with an eldritch light!
Your connection to magic feels subdued.
Your connection to magic feels more subdued.
The wretched star pulses with an eldritch light!
You lose the ability to read scrolls when threatened.
You see here a +0 short sword.
The wretched star pulses with an eldritch light!
Your connection to magic feels nearly dormant.
The small abomination closely misses you.
The small abomination misses you. The small abomination hits you!
You feel threatened and lose the ability to read scrolls!
Ouch! That really hurt!
* * * LOW HITPOINT WARNING * * *
Unknown command.
The small abomination hits you.
You die...

# )..#. #. .... # ..
. #..#... .##..#.. #
#.## ## ##.
...#...###.#. . .
##.. ..#.#..##.##...
.....###.##...###. #
#.#...#...###....##.#
#..@x..*#...##... .#
###....#....#..## ##
##..#...##.....# .
###...#..#....# #
#..#.... .#...
#.....#...##.##.#
#..##..#..# .....
#.#. .#.#. . .....
#.# .........##.#


You could see a wretched star and a small abomination.

Vanquished Creatures (others)
  A lurking horror (Abyss:1)
1 creature vanquished.

Notes
Turn   | Place    | Note
-------+----------+-------------------------------------------
     0 | Abyss:1  | Gargoyl the Gnoll Abyssal Knight began the quest for the
                  | Orb.
     0 | Abyss:1  | Reached XP level 1. HP: 23/23 MP: 3/3
    92 | Abyss:1  | Noticed a small abomination
   102 | Abyss:1  | Noticed a wretched star
   122 | Abyss:1  | HP: 1/23 [small abomination (14)]
   125 | Abyss:1  | Slain by a small abomination

Illustrated notes

Levels and vault maps discovered:
Abyss:1:  base: Temple, base:
Temple

Action                   || total
-------------------------++-------
Melee: Hand axe          ||     1
Dodge: Dodged            ||     2

Table legend: (Time is in decaauts)
 A = Elapsed time spent in this place.
 B = Non-inter-level travel time spent in this place.
 C = Inter-level travel time spent in this place.
 D = Time resting spent in this place.
 E = Time spent auto-exploring this place.
 F = Levels seen in this place.
 G = Mean time per level.
                   A        B        C        D        E       F      G
               +--------+--------+--------+--------+--------+-----+--------+
         Total |    125 |    125 |      0 |      0 |     88 |   1 |  125.0 |
         Abyss |    125 |    125 |      0 |      0 |     88 |   1 |  125.0 |
               +--------+--------+--------+--------+--------+-----+--------+

Top non-repeatable levels by time:
 Abyss:1: 125 daAuts
